 Dungeon Crawl Stone Soup version 0.31-a0-1626-g5cb510d322 (webtiles) character file.

Game seed: 6135128274329594720

324 MichKnight the Slasher (level 6, 0/53 HPs)
             Began as a Draconian Berserker on Jan 12, 2024.
             Was a Believer of Trog.
             Slain by a quasit (2 damage)
             ... on level 3 of the Dungeon.
             The game lasted 00:12:03 (1871 turns).

MichKnight the Slasher (Draconian Berserker)        Turns: 1871, Time: 00:12:04

Health: 0/53       AC:  7    Str: 20 (22) XL:     6   Next: 23%
Magic:  6/6        EV:  2    Int: 13      God:    Trog [**....]
Gold:   49         SH:  0    Dex: -6 (10) Spells: 4/5 levels left

rFire   . . .        t - +0 short sword (drain)
rCold   . . .        (no shield)
rNeg    . . .        (body armour unavailable)
rPois   .            (helmet restricted)
rElec   .            (no cloak)
rCorr   .            g - +0 pair of gloves
SInv    .            (no boots)
Will    +....        n - amulet of magic regeneration Stlth
                     i - +6 ring of intelligence
HPRegen 0.28/turn    l - ring of willpower
MPRegen 0.50/turn

%: no passive effects
@: mighty, slowed, lost dexterity, very slow
A: AC +6, unfitting armour, cold-blooded
a: Renounce Religion, Berserk, Trog's Hand


You were on level 3 of the Dungeon.
You worshipped Trog.
Trog was pleased with you.
You visited 1 branch of the dungeon, and saw 3 of its levels.

You collected 169 gold pieces.
You spent 120 gold pieces at shops.

Inventory:

Hand Weapons
 a - a +0 falchion
 t - a +0 short sword of draining (weapon)
Missiles
 b - 3 atropa-tipped darts (quivered)
 e - 31 stones
Armour
 g - a +0 pair of gloves (worn)
Magical Staves
 d - a staff of conjuration
Jewellery
 i - a +6 ring of intelligence (left hand)
 l - a ring of willpower (right hand)
 m - a ring of magical power
 n - an amulet of magic regeneration (around neck)
Talismans
 h - a dragon-blood talisman
 p - a dragon-blood talisman
Scrolls
 f - a scroll of enchant weapon {unknown}
 j - a scroll of revelation {unknown}
 k - 3 scrolls of identify {unknown}
 o - a scroll of teleportation {unknown}
 q - a scroll of fear {unknown}
 r - a scroll of fog {unknown}
 u - a scroll of vulnerability {unknown}
Potions
 s - 2 potions of curing


   Skills:
 + Level 4.5 Fighting
 + Level 1.0(3.1) Short Blades
 + Level 4.7(4.8) Long Blades
 + Level 4.3 Dodging
 + Level 1.2 Stealth


You had 4 spell levels left.
You knew the following spells:

 Your Spells              Type           Power      Damage    Failure   Level
a - Summon Small Mammal   Summ           0%         N/A       30%         1

Your spell library contained the following spells:

 Spells                   Type           Power      Damage    Failure   Level
 Slow                     Hex            0%         N/A       30%         1
 Call Canine Familiar     Summ           0%         N/A       67%         3
 Confusing Touch          Hex            0%         N/A       67%         3
 Sigil of Binding         Hex            0%         N/A       67%         3
 Vampiric Draining        Necr           0%         2d6       67%         3
 Summon Blazeheart Golem  Fire/Summ      0%         N/A       97%         4


Dungeon Overview and Level Annotations

Branches:
Dungeon (3/15)

Altars:
Qazlal

Shops:
D:2 !

Annotations:
D:3 1 transporter


Innate Abilities, Weirdness & Mutations

Your plain brown scales are hard. (AC +6)
You cannot fit into any form of body armour.
You are cold-blooded and may be slowed by cold attacks.


Message History

The quasit bites you but does no damage.
The quasit claws you but does no damage.
The quasit barely misses you.
The quasit bites you but does no damage.
The quasit claws you.
* * * LOW HITPOINT WARNING * * *
You feel clumsy. The quasit claws you.
* * * LOW HITPOINT WARNING * * *
You feel better.
The quasit bites you but does no damage.
The quasit claws you but does no damage. x2
The quasit bites you but does no damage.
The quasit claws you but does no damage. x2
The quasit bites you.
* * * LOW HITPOINT WARNING * * *
The quasit barely misses you.
The quasit claws you but does no damage.
The quasit bites you but does no damage.
The quasit barely misses you. The quasit claws you.
* * * LOW HITPOINT WARNING * * *
You miss the quasit. The quasit bites you.
* * * LOW HITPOINT WARNING * * *
The quasit claws you but does no damage. x2
The quasit bites you but does no damage.
The quasit claws you but does no damage. x2
The quasit bites you but does no damage.
The quasit claws you but does no damage. x2
The quasit bites you.
* * * LOW HITPOINT WARNING * * *
The quasit claws you but does no damage. x2
You miss the quasit.
The quasit bites you but does no damage.
The quasit claws you but does no damage. x2
The quasit bites you.
* * * LOW HITPOINT WARNING * * *
The quasit claws you.
* * * LOW HITPOINT WARNING * * *
The quasit claws you.
You die...

##.....## #.## ##...##
##.##.#####.#### ##'##
## ... ..##......# #.#
#.. #.. #.##.#.##.# #<#
.. .. #.##.#.##.# #.# #
.##.#. #.##.#..#.#
###... #
#.#...#.##.##.##.#.#
........
#....5#)#..##.##.#.##
.##....#
#@.=[#©...........
.##..#.# #.
.#..5#..#..........#.
.##..#.#
.##.#.....##.#.###.....
.....#.#
..#...#.#..#.#.# #####.
.##..#.#
#.#...#.#..#.#.#######.
.##..#.# #.#©..W...
#.#.[....... .##..#.#
#.###.5.###..########..
.......####...#####...##
#.# .........#
#.........## #.#


You could see 2 quasits.

Vanquished Creatures
  Pargi (D:3)
  The ghost of AlmostDecent the Chopper, an amateur DsBe of Trog (D:3)
  2 quasits (D:3)
  A gnoll (D:1)
  4 adders
  A dart slug (D:2)
  4 ball pythons
  3 bats (D:1)
  4 endoplasms
  A giant cockroach (D:1)
  3 goblins
  4 hobgoblins
  2 jackals (D:1)
  4 kobolds
  2 quokkas
  2 frilled lizards (D:1)
  2 rats
41 creatures vanquished.

Notes
Turn   | Place    | Note
-------+----------+-------------------------------------------
     0 | D:1      | MichKnight the Draconian Berserker began the quest for the
                  | Orb.
     0 | D:1      | Reached XP level 1. HP: 19/19 MP: 1/1
   291 | D:1      | Reached XP level 2. HP: 21/26 MP: 2/2
   684 | D:2      | Reached XP level 3. HP: 27/33 MP: 3/3
   770 | D:2      | Reached ** piety under Trog
   963 | D:2      | Was placed under penance by Trog
   965 | D:2      | Learned a level 1 spell: Summon Small Mammal
   965 | D:2      | Found Koemouz's Distillery.
   974 | D:2      | Bought a potion of might for 48 gold pieces
   974 | D:2      | Bought a potion of curing for 36 gold pieces
   974 | D:2      | Bought a potion of curing for 36 gold pieces
  1081 | D:2      | Reached XP level 4. HP: 40/40 MP: 4/4
  1098 | D:2      | Found a faded altar of an unknown god.
  1432 | D:3      | Noticed Pargi
  1448 | D:3      | Killed Pargi
  1449 | D:3      | Reached skill level 1 in Stealth
  1449 | D:3      | Reached XP level 5. HP: 28/46 MP: 5/5
  1638 | D:3      | Noticed AlmostDecent's ghost (amateur DsBe)
  1640 | D:3      | Found a transporter.
  1664 | D:3      | Found a stormy altar of Qazlal.
  1667 | D:3      | Noticed an air elemental
  1668 | D:3      | Noticed a water elemental
  1668 | D:3      | Noticed a fire elemental
  1783 | D:3      | Was forgiven by Trog
  1838 | D:3      | Found a transporter.
  1850 | D:3      | Killed AlmostDecent's ghost
  1852 | D:3      | Reached skill level 1 in Short Blades
  1852 | D:3      | Reached XP level 6. HP: 25/53 MP: 6/6
  1865 | D:3      | Lost dexterity.
  1871 | D:3      | HP: 2/53 [quasit (1)]
  1871 | D:3      | Slain by a quasit

Illustrated notes

Levels and vault maps discovered:
D:1:      dreamdust_arrival_beginning_and_end, layout_basic, minmay_pentomino_q4
D:2:      layout_rooms, serial_shops, shop,
          hellmonk_ecumenical_altar_prayer_group
D:3:      layout_loops_corners, nicolae_qazlal_style_of_elements,
          gammafunk_ghost_stat_death, uniq_pargi, uniq_jessica

Skill      XL: |  1  2  3  4  5 |
---------------+----------------+-----
Dodging        | 3 4 |  4.3
Fighting       | 4 |  4.5
Long Blades    | 4 |  4.7
Stealth        | 1 |  1.2
Short Blades   | 1 |  1.0

Action                     |  1- 3 |  4- 6 || total
---------------------------+-------+-------++-------
  Melee: Falchion          |    94 |    10 ||   104
         Tailslap          |     9 |     7 ||    16
         Short sword       |       |    50 ||    50
    Use: Potion            |       |     5 ||     5
   Stab: Sleeping          |     1 |     1 ||     2
 Armour: Skin              |    71 |   250 ||   321
  Dodge: Dodged            |   111 |   200 ||   311

Table legend: (Time is in decaauts)
 A = Elapsed time spent in this place.
 B = Non-inter-level travel time spent in this place.
 C = Inter-level travel time spent in this place.
 D = Time resting spent in this place.
 E = Time spent auto-exploring this place.
 F = Levels seen in this place.
 G = Mean time per level.
                   A        B        C        D        E       F      G
               +--------+--------+--------+--------+--------+-----+--------+
         Total |   1917 |   1849 |     68 |      0 |   1049 |   3 |  639.0 |
       Dungeon |   1917 |   1849 |     68 |      0 |   1049 |   3 |  639.0 |
               +--------+--------+--------+--------+--------+-----+--------+

Top non-repeatable levels by time:
     D:2: 751 daAuts
     D:1: 684 daAuts
     D:3: 481 daAuts
